 Dungeon Crawl Stone Soup version 0.19-a0-1457-g32fba05 (webtiles) character file.

221 Amnesiac the Grave Robber (level 5, -3/28 HPs)
             Began as a Deep Elf Necromancer on Sept 7, 2016.
             Killed by nerve-wracking pain
             ... invoked by Grinder
              (7 damage)
             ... on level 3 of the Dungeon.
             The game lasted 00:02:56 (1687 turns).

Amnesiac the Grave Robber (Deep Elf Necromancer)    Turns: 1687, Time: 00:02:56

Health: -3/28      AC:  3    Str:  5    XL:     5   Next: 65%
Magic:  13/15      EV: 13    Int: 20    God:
Gold:   113        SH:  0    Dex: 16    Spells: 3 memorised, 9 levels left

rFire  . . .     SeeInvis .     (no weapon)
rCold  . . .     Gourm    .     a - +0 robe
rNeg   . . .     Faith    .     (no shield)
rPois  .         Spirit   .     (no helmet)
rElec  .         Dismiss  .     e - +0 cloak (curse)
rCorr  .         Reflect  .     (no gloves)
MR     .....     Harm     .     (no boots)
Stlth  ++........               (no amulet)
                                (no ring)
                                (no ring)

@: regenerating
A: no striking features
a: no special abilities


You were on level 3 of the Dungeon.
You were hungry.

You visited 1 branch of the dungeon, and saw 4 of its levels.

You collected 113 gold pieces.

Inventory:

Hand Weapons
 o - a +0 halberd
Armour
 a - a +0 robe (worn)
 e - a cursed +0 cloak (worn)
Scrolls
 d - a scroll of enchant armour {unknown}
 f - 4 scrolls of identify {unknown}
 g - a scroll of immolation {unknown}
 i - a scroll of fear {unknown}
 m - a scroll of random uselessness {unknown}
Potions
 h - a potion of flight {unknown}
 k - a potion of brilliance {unknown}
 l - 2 potions of degeneration {unknown}
 p - a potion of haste {unknown}
 q - a potion of agility {unknown}
Books
 b - a book of Necromancy

   Spells                             Type                      Level
   a - Pain                           Necromancy                   1
   b - Animate Skeleton               Necromancy                   1
   c - Vampiric Draining              Necromancy                   3
   d - Regeneration                   Charms/Necromancy            3
   e - Animate Dead                   Necromancy                   4
   f - Control Undead                 Necromancy                   4
Comestibles
 c - a bread ration
 j - a slice of pizza


   Skills:
 - Level 2.4 Dodging
 - Level 2.4 Stealth
 + Level 6.3 Spellcasting
 + Level 6.6 Necromancy


You had 9 spell levels left.
You knew the following spells:

 Your Spells              Type           Power        Failure   Level  Hunger
f - Vampiric Draining     Necr           ####......   1%          3    ##.....
r - Regeneration          Chrm/Necr      ###.......   10%         3    ##.....
z - Pain                  Necr           ####         1%          1    None


Dungeon Overview and Level Annotations

Branches:
Dungeon (4/15)
 Temple: D:4-7

Altars:
The Shining One

Annotations:
D:3 Grinder


Message History

Confirm with . or Enter, or press ? or * to list all spells.
Your skin crawls.
There is an escape hatch in the ceiling here.
Grinder hits you!
You writhe in agony.
* * * LOW HITPOINT WARNING * * *
A mysterious force pulls you upwards. The hatch slams shut behind you.
A bat and 3 orcs come into view.
The orc shouts! x3; You hear a shout!
The bat misses you.
An orc comes into view. It is wielding a whip.
Okay, then.
The bat hits you but does no damage. Grinder hits you!
* * * LOW HITPOINT WARNING * * *
Found an encrusted silver wand.
Unknown command.
A worm comes into view.
The bat closely misses you. Grinder gestures at you.
Pain shoots through your body!
You die...

#########.
#........#
#........#
#........###
#......o....
#..........w
#....o..../.
#..ob.o..#
#.5.@....#
#########...


You could see Grinder, a worm, 4 orcs and a bat.

Vanquished Creatures
  An ice beast (D:3)
  7 gnolls
  3 adders
  A dart slug (D:2)
  A giant gecko (D:3)
  An orc (D:3)
  2 giant cockroaches (D:1)
  8 goblins
  3 hobgoblins
  4 bats
  3 kobolds
  2 rats (D:1)
36 creatures vanquished.

Notes
Turn   | Place    | Note
-------+----------+-------------------------------------------
     0 | D:1      | Amnesiac the Deep Elf Necromancer began the quest for the Orb.
     0 | D:1      | Reached XP level 1. HP: 10/10 MP: 6/6
    57 | D:1      | Reached skill level 5 in Necromancy
    93 | D:1      | Reached XP level 2. HP: 7/15 MP: 1/8
   580 | D:2      | Reached XP level 3. HP: 14/19 MP: 4/10
   588 | D:2      | Learned a level 3 spell: Vampiric Draining
   592 | D:2      | Learned a level 3 spell: Regeneration
   974 | D:3      | Reached XP level 4. HP: 18/24 MP: 7/12
  1039 | D:3      | Reached skill level 5 in Spellcasting
  1201 | D:3      | Noticed an ice beast
  1210 | D:3      | Killed an ice beast
  1210 | D:3      | Reached XP level 5. HP: 10/28 MP: 0/15
  1491 | D:4      | Found a glowing golden altar of the Shining One.
  1674 | D:4      | Noticed Grinder
  1687 | D:3      | Killed from afar by Grinder

Vault maps used:
D:1:      enne_arrival_octagon_isle
D:2:      nicolae_overflow_hidden_temple, makhleb_blood_cavern_becter
D:3:      grunt_temple_overflow_open, nemelex_xobeh_ov_fountains_minmay,
          first_bread
D:4:      kennysheep_mini_moat, serial_shops, nicolae_shop_behind_doors,
          minmay_goblin_kobold_house, uniq_grinder, uniq_blork_the_orc

Skill      XL: |  1  2  3  4  5 |
---------------+----------------+-----
Necromancy     | 5 6 |  6.6
Spellcasting   | 4 5 6 |  6.3
Dodging        | |  2.4
Stealth        | |  2.4

Action                   |  1- 3 |  4- 6 || total
-------------------------+-------+-------++-------
 Cast: Pain              |    43 |    25 ||    68
       Vampiric Draining |     3 |     6 ||     9
       Regeneration      |       |     1 ||     1
  Eat: Chunk             |       |     2 ||     2
Armor: Robe              |     1 |     3 ||     4
Dodge: Dodged            |     6 |    10 ||    16
